 Dungeon Crawl Stone Soup version 0.20.1-1-g8b1a95d (webtiles) character file.

49 slep the Skirmisher (level 3, -4/30 HPs)
             Began as a Demonspawn Abyssal Knight on Oct 25, 2017.
             Was a Follower of Lugonu.
             Slain by a worm (9 damage)
             ... on level 2 of the Dungeon.
             The game lasted 00:04:34 (886 turns).

slep the Skirmisher (Demonspawn Abyssal Knight)      Turns: 886, Time: 00:04:34

Health: -4/30      AC:  3    Str: 12    XL:     3   Next: 53%
Magic:  5/5        EV: 11    Int: 13    God:    Lugonu [*.....]
Gold:   101        SH:  0    Dex: 13    Spells: 2/2 levels left

rFire    . . .     SeeInvis .   a - +1 falchion
rCold    . . .     Gourm    .   (no shield)
rNeg     . . .     Faith    .   b - +0 leather armour
rPois    .         Spirit   .   (helmet restricted)
rElec    .         Reflect  .   (no cloak)
rCorr    .         Harm     .   (no gloves)
MR       .....                  (no boots)
Stlth    +.........             (no amulet)
Regen    0.1/turn               (no ring)
MPRegen  0.1/turn               (no ring)

@: no status effects
A: horns 1
a: Depart the Abyss, Renounce Religion


You were on level 2 of the Dungeon.
You worshipped Lugonu.
Lugonu was aware of your devotion.
You were not hungry.

You visited 1 branch of the dungeon, and saw 2 of its levels.
You visited the Abyss 1 time.

You collected 101 gold pieces.

Inventory:

Hand Weapons
 a - a +1 falchion (weapon)
Armour
 b - a +0 leather armour (worn)
 i - a +0 helmet
Scrolls
 e - 2 scrolls of remove curse {unknown}
 g - 2 scrolls of identify {unknown}
 h - 2 scrolls of random uselessness {unknown}
Potions
 d - 2 potions of heal wounds
 f - 3 potions of flight {unknown}
Comestibles
 c - a bread ration
 j - 2 chunks of flesh


   Skills:
 + Level 4.0 Fighting
 + Level 2.1 Long Blades
 + Level 2.0 Armour
 + Level 1.1 Dodging
 + Level 2.8 Invocations


You had 2 spell levels left.
You didn't know any spells.

Dungeon Overview and Level Annotations

Branches:
Dungeon (2/15)

Altars:
Elyvilon


Innate Abilities, Weirdness & Mutations

You have a pair of small horns on your head.


Message History

You hit the worm but do no damage.
The worm is heavily wounded.
The goblin hits you. The worm bites you.
You slash the worm! Your headbutt misses the worm.
The worm is severely wounded.
The goblin barely misses you.
You riposte.
You slash the goblin!
You kill the goblin!
Lugonu accepts your kill.
Your Fighting skill increases to level 4!
The worm misses you.
You hit the worm.
The worm is almost dead.
You hit the worm but do no damage. Your headbutt misses the worm.
The worm is almost dead.
The worm bites you!
* * * LOW HITPOINT WARNING * * *
You hit the worm.
The worm is almost dead.
The worm bites you!
You die...

........(####...##
...........(.......#
.....###...###......
.....#≈≈...≈≈#.....#
%....#≈..♣..≈#......
..............>.....
......♣._.♣........
###...............
##≈%@♣..≈#......
#≈≈†w.r≈#......
###...### .....
....... .....
.......... ....
................
#...........
...........


You could see a worm and a neutral quokka (wandering).

Vanquished Creatures
  4 adders (D:2)
  2 giant cockroaches (D:1)
  2 goblins
  A hobgoblin (D:1)
  2 bats
  3 kobolds (D:1)
  A rat (D:1)
15 creatures vanquished.

Notes
Turn   | Place    | Note
-------+----------+-------------------------------------------
     0 | Abyss:1  | slep the Demonspawn Abyssal Knight began the quest for the Orb.
     0 | Abyss:1  | Reached XP level 1. HP: 18/18 MP: 2/2
    22 | Abyss:1  | Found a corrupted altar of Lugonu.
    41 | Abyss:1  | Found a corrupted altar of Lugonu.
   102 | Abyss:1  | Found a corrupted altar of Lugonu.
   115 | Abyss:1  | Noticed a hellwing
   142 | Abyss:1  | Noticed a small abomination
   146 | Abyss:1  | Noticed a cacodemon
   147 | D:1      | Escaped the Abyss
   417 | D:1      | Reached * piety under Lugonu
   537 | D:1      | Gained mutation: You have a pair of small horns on your head. [demonic ancestry]
   537 | D:1      | Reached XP level 2. HP: 16/24 MP: 3/3
   840 | D:2      | Reached skill level 1 in Dodging
   841 | D:2      | Found a white marble altar of Elyvilon.
   846 | D:2      | Reached XP level 3. HP: 17/30 MP: 3/5
   883 | D:2      | Reached skill level 4 in Fighting
   886 | D:2      | Slain by a worm

Skill      XL: |  1  2  3 |
---------------+----------+-----
Long Blades    | 2 |  2.1
Dodging        | 1 |  1.1
Armour         | 2 |  2.0
Fighting       | 4 |  4.0
Invocations    | |  2.8

Action                   || total
-------------------------++-------
Melee: Falchion          ||    59
       Headbutt          ||     1
Invok: Depart the Abyss  ||     1
  Use: Potion            ||     1
Armor: Leather armour    ||    21
Dodge: Dodged            ||    47
       Rpst.: Falchion   ||    16
